 Dungeon Crawl Stone Soup version 0.32-a0-872-g59262bdc9b (webtiles) character file.

Game seed: 11681743027567841484

37 Oneirical the Grasshopper (level 3, 0/18 HPs)
             Began as a Felid Warper on Mar 30, 2024.
             Slain by an orc
             ... wielding a +0 mace
              (8 damage)
             ... on level 3 of the Dungeon.
             The game lasted 00:02:10 (806 turns).

Oneirical the Grasshopper (Felid Warper)             Turns: 806, Time: 00:02:11

Health: 0/18       AC:  1    Str:  7    XL:     3   Next: 21%
Magic:  2/7        EV: 16    Int: 18    God:
Gold:   63         SH:  0    Dex: 15    Spells: 5/7 levels left
                                        Lives:  0   Deaths: 1

rFire   . .          .
                       - Unarmed
rCold   . . .        (shield unavailable)
rNeg    . . .        (body armour unavailable)
rPois   .            (helmet unavailable)
rElec   .            (cloak unavailable)
rCorr   .            (gloves unavailable)
SInv    +            (boots unavailable)
Will    .....        (no amulet)
Stlth   +            (no ring)
HPRegen 0.23/turn    (no ring)
MPRegen 0.10/turn

%: no passive effects
@: very slightly contaminated
A: very small, claws 1, fangs 3, see invisible, shaggy fur 1, stealthy paws, no
weapons or thrown items, no armour, multi-lived
a: no special abilities


You were on level 3 of the Dungeon.
You visited 1 branch of the dungeon, and saw 3 of its levels.

You collected 63 gold pieces.

Inventory:

Scrolls
 a - a scroll of blinking
 b - 3 scrolls of identify {unknown}
 d - a scroll of immolation {unknown}
Potions
 c - a potion of lignification {unknown}
 e - a potion of brilliance {unknown}
 f - a potion of ambrosia {unknown}


   Skills:
 - Level 2.0 Fighting
 - Level 3.2 Dodging
 + Level 2.7 Unarmed Combat
 + Level 2.5 Spellcasting
 + Level 5.1 Translocations


You had 5 spell levels left.
You knew the following spells:

 Your Spells              Type           Power      Damage    Failure   Level
a - Blink                 Tloc           40%        N/A       3%          2

Your spell library contained the following spells:

 Spells                   Type           Power      Damage    Failure   Level
 Lesser Beckoning         Tloc           40%        N/A       3%          2
 Teleport Other           Tloc           20%        N/A       6%          3
 Momentum Strike          Conj/Tloc      22%        3d8       9%          2
 Maxwell's Portable Pile  Tloc           20%        2d(8-16)  21%         4
 Vhi's Electric Charge    Tloc/Air       22%        N/A       52%         4


Dungeon Overview and Level Annotations

Branches:
Dungeon (3/15)

Altars:

Annotations:
D:2 Sigmund


Innate Abilities, Weirdness & Mutations

You have sharp claws.
You have razor-sharp teeth.
You have supernaturally acute eyesight. (SInv)
You are covered in fur. (AC +1)
Your paws help you pounce on unaware monsters.
You are incapable of wielding weapons or throwing items.
You cannot wear armour.
You gain extra lives every three experience levels.


Message History

The orc hits you but does no damage.
Casting: Blink (safe; 3% risk of failure)
Confirm with . or Enter, or press ? or * to list all spells.
You blink.
You scratch the kobold.
The kobold is heavily wounded.
The kobold hits you with a +0 short sword.
You barely miss the kobold.
The kobold is heavily wounded.
The kobold misses you.
You scratch the adder.
The adder is lightly wounded.
The adder misses you.
The kobold hits you with a +0 short sword.
You miss the adder.
The adder is lightly wounded.
The adder misses you. The kobold misses you.
You scratch the adder. You bite the adder.
The adder is almost dead.
You feel ready to blink again. The adder closely misses you.
The orc barely misses you.
The kobold hits you with a +0 short sword.
You scratch the adder.
You kill the adder!
The orc misses you.
The kobold hits you with a +0 short sword.
You have reached level 3!
Your experience leads to an increase in your attributes!
Increase (S)trength, (I)ntelligence, or (D)exterity?
You feel clever. x2
You barely miss the kobold.
The kobold is heavily wounded.
The orc barely misses you.
The kobold hits you with a +0 short sword.
Casting: Blink (safe; 3% risk of failure)
Confirm with . or Enter, or press ? or * to list all spells.
You miscast Blink.
You are very lightly contaminated with residual magic.
Nothing appears to happen.
The orc hits you with a +0 mace!
You die...

... #... .....# ..#
#### ......####.##...#
......#....#..#
.....$.......#..#
..........w##..#w.#
........g..##...#...
.......†K...##########
.......@o............#
.....................#
.....................#
................######
............†....#
.................####
..............#.....#
#..........[..#.#...#
#.............#


You could see a ribbon worm, an orc, a goblin and a kobold.

Vanquished Creatures
  An adder (D:3)
  2 dart slugs
  3 ball pythons
  3 goblins (D:1)
  3 hobgoblins (D:1)
  A kobold (D:1)
  A quokka (D:2)
  6 bats
  2 frilled lizards
  2 rats (D:1)
24 creatures vanquished.

Notes
Turn   | Place    | Note
-------+----------+-------------------------------------------
     0 | D:1      | Oneirical the Felid Warper began the quest for the Orb.
     0 | D:1      | Reached XP level 1. HP: 11/11 MP: 4/4
   244 | D:1      | Reached XP level 2. HP: 8/15 MP: 6/6
   245 | D:1      | Slain by a kobold
   245 | D:1      | Lost a life (0 lives remaining)
   730 | D:2      | Noticed Sigmund
   737 | D:2      | Learned a level 2 spell: Blink
   749 | D:3      | Reached skill level 5 in Translocations
   805 | D:3      | Reached XP level 3. HP: 11/18 MP: 4/7
   806 | D:3      | Slain by an orc

Illustrated notes

Levels and vault maps discovered:
D:1:      heliophobic_arrival_enchanted_forest, layout_basic
D:2:      layout_basic, hangedman_feature_mirror, chequers_serial_rivers_marsh,
          uniq_sigmund, uniq_terence
D:3:      layout_rooms, marbit_many_paths, serial_shops, shop

Skill      XL: |  1  2 |
---------------+-------+-----
Translocations | 5 |  5.1
Fighting       | |  2.0
Dodging        | |  3.2
Unarmed Combat | |  2.7
Spellcasting   | |  2.5

Action                     || total
---------------------------++-------
  Melee: Unarmed           ||    86
         Bite              ||     8
         Punch             ||     1
   Cast: Blink             ||     1
 Armour: Skin              ||    33
  Dodge: Dodged            ||    95

Table legend: (Time is in decaauts)
 A = Elapsed time spent in this place.
 B = Non-inter-level travel time spent in this place.
 C = Inter-level travel time spent in this place.
 D = Time resting spent in this place.
 E = Time spent auto-exploring this place.
 F = Levels seen in this place.
 G = Mean time per level.
                   A        B        C        D        E       F      G
               +--------+--------+--------+--------+--------+-----+--------+
         Total |    806 |    770 |     36 |      0 |    578 |   3 |  268.7 |
       Dungeon |    806 |    770 |     36 |      0 |    578 |   3 |  268.7 |
               +--------+--------+--------+--------+--------+-----+--------+

Top non-repeatable levels by time:
     D:1: 642 daAuts
     D:2: 101 daAuts
     D:3: 61 daAuts
